Map: Void Thrashing

Players

Tamflakes

  • Race: Zerg Zerg

NamroodTuo

  • Race: Zerg Zerg

VOD

Have the link to the VOD?

Description

Time

  • Played on: Jan. 17, 2023, 9:25 a.m.
  • Length: 21:46
Show
View Real Time Build Order
Export as new Build Order

Tamflakes Zerg 

Build Orders:  

Get SALT Encoding   

  18  0:03  Primal Drone  
  19  0:13  Primal Drone  
  20  0:20  Primal Drone  
  20  0:26  Primal Drone  
  22  0:35  Primal Drone  
  23  0:50  Primal Hive  
  23  0:56  Extractor  
  23  0:57  Primal Drone  
  24  1:06  Primal Drone  
  25  1:29  Primal Drone  
  26  2:37  Primal Drone  
  26  2:38  Primal Drone x2  
  29  2:48  Primal Hive  
  29  4:12  Primal Drone  
  29  4:14  Primal Drone x4  
  34  4:22  Extractor  
  34  4:23  Primal Attacks Level 1  
  34  5:55  Primal Drone  
  34  5:56  Primal Drone x4  
  39  6:05  Primal Warden  
  41  6:11  Primal Warden  
  41  7:03  Primal Carapace Level 1  
  41  7:24  Glevig's Den  
  40  7:42  Primal Zergling x3  
  40  7:43  Primal Zergling x2  
  40  7:47  Primal Zergling  
  46  8:05  Ravasaur  
  46  8:11  Ravasaur  
  46  8:20  Primal Zergling x4  
  50  8:46  Ravasaur  
  55  9:13  Glial Reconstitution, Primal Hive  
  55  9:25  Murvar's Den  
  54  9:44  Ravasaur  
  54  10:12  Ravasaur  
  54  10:13  Muscular Augments  
  54  10:17  Primal Zergling x7  
  61  10:20  Primal Zergling x3  
  64  11:14  Primal Zergling x6  
  70  11:34  Ravasaur  
  70  11:35  Dakrun's Den  
  70  11:36  Ravasaur  
  70  11:38  Ravasaur  
  53  12:29  Primal Zergling x3  
  56  12:30  Primal Zergling x7  
  63  12:53  Primal Zergling x2  
  65  13:01  Ravasaur x3  
  65  13:02  Ravasaur x2  
  65  13:06  Primal Zergling x2  
  67  13:18  Primal Attacks Level 2  
  67  13:34  Ravasaur  
  67  13:44  Primal Zergling x4  
  69  14:29  Primal Drone x5  
  59  14:45  Primal Drone  
  51  15:34  Primal Ultralisk x5  
  51  15:37  Primal Zergling x5  
  85  16:09  Primal Hydralisk x2  
  89  16:23  Primal Zergling x3  
  89  16:28  Primal Carapace Level 2  
  90  16:37  Ravasaur  
  90  16:38  Ravasaur  
  89  17:26  Primal Hydralisk x5  
  46  18:44  Primal Drone x5  
  45  19:35  Primal Hydralisk x4  
Show
View Real Time Build Order
Export as new Build Order

NamroodTuo Zerg 

Build Orders:  

Get SALT Encoding   

  12  0:03  Infested SCV  
  13  0:28  Infested Barracks  
  13  0:33  Infested SCV  
  13  0:39  Infested SCV  
  15  0:52  Overlord  
  15  1:07  Infested Refinery  
  15  1:15  Infested Refinery  
  15  1:20  Overlord  
  15  1:34  Infested Marine x2  
  17  1:53  Infested SCV x3  
  17  1:54  Infested SCV  
  17  1:56  Infested SCV  
  22  2:13  Infested SCV  
  22  2:18  Infested Barracks Tech Lab  
  23  2:26  Overlord  
  23  2:38  Infested Barracks  
  23  2:42  Infested SCV  
  24  3:11  Infested Marine  
  24  3:12  Infested Marine x4  
  24  3:13  Infested Marine x4  
  24  3:14  Infested Marine  
  32  3:22  Retinal Augmentation  
  32  3:24  Infested SCV x2  
  34  3:30  Overlord  
  34  3:45  Infested Marine x4  
  34  3:46  Infested Marine  
  32  4:04  Infested Bunker  
  35  4:28  Infested Marine  
  35  4:29  Infested Marine x11  
  47  4:38  Infested Engineering Bay  
  47  4:41  Overlord  
  47  4:48  Overlord  
  45  5:13  Infested Marine  
  45  5:14  Infested Marine x7  
  45  5:15  Infested Marine x4  
  57  5:26  Infested SCV x3  
  57  5:28  Overlord  
  55  5:30  Infested SCV  
  56  5:41  Regenerative Plating  
  53  5:57  Infested Marine x4  
  53  5:58  Infested Marine x9  
  49  6:13  Infested Marine x5  
  49  6:14  Infested Marine x7  
  57  6:32  Infested Barracks  
  61  7:22  Infested Bunker  
  48  7:46  Infested Command Center  
  36  8:00  Infested Marine x3  
  36  8:01  Infested Marine x14  
  53  8:11  Stukov Infantry Weapons Level 1  
  53  8:44  Infested SCV x3  
  53  8:45  Infested SCV x2  
  58  9:13  Infested Bunker  
  62  9:20  Infested Marine  
  62  9:21  Infested Marine x8  
  71  9:37  Infested Marine  
  71  9:38  Infested Marine x7  
  71  9:39  Infested Marine x6  
  85  9:45  Infested Marine  
  85  9:46  Infested Marine x6  
  67  10:21  Infested Marine  
  67  10:22  Infested Marine x8  
  67  10:23  Infested Marine x10  
  75  10:51  Stukov Infantry Armor Level 1  
  75  11:00  Infested Marine  
  75  11:01  Infested Marine x9  
  75  11:02  Infested Marine x6  
  86  11:17  Overlord  
  86  11:18  Overlord x5  
  82  11:22  Infested SCV  
  82  11:24  Infested SCV  
  82  11:27  Infested SCV  
  83  11:30  Infested SCV  
  83  11:34  Infested SCV  
  85  11:51  Infested SCV x2  
  85  11:52  Infested SCV  
  69  12:28  Infested Marine  
  69  12:29  Infested Marine x8  
  69  12:30  Infested Marine x21  
  83  12:43  Infested Marine x4  
  83  12:44  Infested Marine x3  
  90  12:56  Infested SCV x3  
  90  12:57  Infested SCV, Infested Bunker  
  73  13:14  Infested Marine  
  73  13:15  Infested Marine x13  
  73  13:16  Infested Marine x5  
  90  13:21  Infested Marine  
  90  13:22  Infested Marine x3  
  94  13:38  Infested Factory  
  98  13:50  Infested SCV x2, Infested Bunker  
  98  13:51  Infested SCV  
  98  14:14  Infested Marine  
  98  14:15  Infested Marine x11  
  98  14:16  Infested Marine x7  
  96  14:39  Infested Marine x6  
  95  14:40  Infested Marine x15  
  108  15:00  Infested Marine  
  108  15:01  Infested Marine x11  
  117  15:23  Infested Marine  
  117  15:24  Infested Marine x12  
  117  15:25  Infested Marine  
  115  15:47  Infested Marine  
  115  15:48  Infested Marine x7  
  115  15:49  Infested Marine x5  
  128  15:58  Infested Marine  
  128  15:59  Infested Marine x5  
  134  16:05  Stukov Infantry Weapons Level 2  
  129  16:15  Infested Bunker  
  129  16:16  Overlord  
  129  16:17  Overlord x9  
  106  16:39  Infested Bunker  
  102  16:49  Infested Bunker  
  92  17:07  Infested Marine  
  92  17:08  Infested Marine x12  
  92  17:09  Infested Marine x8  
  101  17:40  Infested Marine  
  101  17:41  Infested Marine x7  
  101  17:42  Infested Marine x15  
  109  18:00  Infested Marine  
  109  18:01  Infested Marine x9  
  109  18:08  Infested Marine x3  
  109  18:09  Infested Marine x3  
  123  18:28  Infested Bunker  
  125  18:35  Infested Bunker  
  125  18:37  Infested Marine x3, Infested Bunker  
  125  18:38  Infested Marine x14  
  125  18:39  Infested Marine  
  121  19:11  Infested Marine  
  121  19:12  Infested Marine x17  
  121  19:13  Infested Marine x2  
  131  19:31  Infested Marine  
  131  19:32  Infested Marine x10  
  131  19:33  Infested Marine  
  131  19:34  Infested Marine  
  130  19:43  Infested Marine  
  130  19:44  Infested Marine x5  
  118  20:11  Infested Marine  
  118  20:12  Infested Marine x10  
  118  20:13  Infested Marine x6  
  128  20:20  Infested Marine  
  128  20:21  Infested Marine x3  
  116  20:46  Infested Marine  
  116  20:47  Infested Marine x11  
  116  20:48  Infested Marine x5  
  130  21:19  Infested Marine  
  127  21:20  Infested Marine x11  
  127  21:21  Infested Marine x7  
Tags
 
Commander
DehakaStukov
Matchup
Co-op
Replay Pack
Multiplayer
Add a new tag
Caveats
  • Supply blocks, unpowered buildings, or Contaminate may cause inaccurate times.
  • Supply counts are checked every 10 seconds.